 Dungeon Crawl Stone Soup version 0.29-a0-887-gcbe080d7e0 (webtiles) character file.

Game seed: 9194362582132782554

179 porpoise the Poker (level 5, -4/41 HPs)
             Began as a Demonspawn Gladiator on July 22, 2022.
             Killed from afar by Ijyb (13 damage)
             ... with a bolt of dispelling energy
             ... on level 5 of the Dungeon.
             The game lasted 00:07:05 (2660 turns).

porpoise the Poker (Demonspawn Gladiator)           Turns: 2660, Time: 00:07:06

Health: -4/41      AC:  8    Str: 16    XL:     5   Next: 33%
Magic:  5/5        EV: 11    Int: 15    God:
Gold:   144        SH:  0    Dex: 15    Spells: 4/4 levels left

rFire   . . .      SeeInvis +   a - +0 trident
rCold   . . .      Faith    .   (no shield)
rNeg    . . .      Spirit   .   m - +0 ring mail
rPois   .          Reflect  .   c - +0 helmet
rElec   +          Harm     .   (no cloak)
rCorr   .          Rampage  .   (no gloves)
Will    +....                   (no boots)
Stlth   +.........              (no amulet)
HPRegen 0.13/turn               p - ring "Kakotuid" {Drain rElec Will+ Int+6 SInv}
MPRegen 0.09/turn               (no ring)

@: no status effects
A: icy blue scales 1, foul stench 1, weakness stinger 1
a: no special abilities


You were on level 5 of the Dungeon.
You visited 1 branch of the dungeon, and saw 5 of its levels.

You collected 144 gold pieces.

Inventory:

Hand Weapons
 a - a +0 trident (weapon)
 b - a +0 sling
Missiles
 e - 3 javelins (quivered)
 h - 4 poisoned darts
Armour
 c - a +0 helmet (worn)
 m - a +0 ring mail (worn)
Magical Staves
 q - a staff of cold
Jewellery
 p - the ring "Kakotuid" (left hand) {Drain rElec Will+ Int+6 SInv}
   (You found it on level 2 of the Dungeon)

   [ring of intelligence]

   Int:       It affects your intelligence (+6).
   rElec:     It insulates you from electricity.
   SInv:      It lets you see invisible.
   Drain:     It drains your maximum health when unequipped.
   Will:      It increases your willpower.
Scrolls
 j - 2 scrolls of vulnerability {unknown}
 k - a scroll of poison {unknown}
 l - 3 scrolls of identify {unknown}
 o - 3 scrolls of noise {unknown}
 t - a scroll of butterflies {unknown}
 u - a scroll of silence {unknown}
 v - a scroll of enchant weapon {unknown}
 w - a scroll of enchant armour {unknown}
Potions
 g - a potion of might
 i - a potion of heal wounds {unknown}
 n - 2 potions of mutation
 r - a potion of lignification {unknown}
 s - a potion of attraction {unknown}
 x - a potion of magic {unknown}


   Skills:
 + Level 3.5 Fighting
 * Level 4.8 Polearms
 - Level 1.7 Throwing
 - Level 2.6 Dodging


You had 4 spell levels left.
You didn't know any spells.
Your spell library contained the following spells:

 Spells                   Type           Power      Damage    Failure   Level
 Sting                    Tmut/Pois      0%         1d3       45%         1
 Poisonous Vapours        Pois/Air       0%         N/A       61%         2
 Frozen Ramparts          Ice            0%         1d2       83%         3
 Ice Form                 Ice/Tmut       0%         N/A       99%         4
 Olgreb's Toxic Radiance  Pois           0%         N/A       99%         4
 Summon Ice Beast         Ice/Summ       0%         N/A       99%         4


Dungeon Overview and Level Annotations

Branches:
Dungeon (5/15)
 Temple: D:4-7

Altars:
Gozag
Qazlal

Annotations:
D:5 3 runed translucent doors, Ijyb; lunkers's ghost, novice DgWn


Innate Abilities, Weirdness & Mutations

You are partially covered in icy blue scales. (AC +2)
You may rarely emit foul miasma when damaged in melee.
You have a small tail.


Message History

Ijyb struggles against the net.
You hit Ijyb.
Ijyb is heavily wounded.
Ijyb struggles against the net.
The net rips apart, and Ijyb comes free!
It was a potion of curing.
You feel better. Ijyb hits you but does no damage.
You puncture Ijyb! You tail-slap Ijyb.
Ijyb is severely wounded.
Ijyb hits you with a +0 dagger of electrocution.
* * * LOW HITPOINT WARNING * * *
It was a potion of mutation.
You feel extremely strange.
Your toenails lengthen and sharpen.
Your talons dull and shrink into feet.
Ijyb hits you but does no damage.
It was a potion of might.
You feel very mighty all of a sudden. Ijyb hits you but does no damage.
You closely miss Ijyb.
Ijyb is severely wounded.
Ijyb hits you with a +0 dagger of electrocution.
* * * LOW HITPOINT WARNING * * *
You barely miss Ijyb.
Your tail-slap misses Ijyb.
Ijyb is severely wounded.
Ijyb hits you with a +0 dagger of electrocution.
* * * LOW HITPOINT WARNING * * *
You emit a cloud of foul miasma!
You barely miss Ijyb.
Ijyb is severely wounded.
Ijyb is engulfed in dark miasma.
Ijyb is poisoned.
Ijyb hits you with a +0 dagger of electrocution.
* * * LOW HITPOINT WARNING * * *
You feel better.
Ijyb is engulfed in dark miasma.
Ijyb looks even sicker.
Ijyb screams, "Die!"
Ijyb zaps a wand.
The bolt of dispelling energy hits you!
Your magical effects are unravelling.
* * * LOW HITPOINT WARNING * * *
You feel better.
You feel a little less mighty now.
Ijyb is engulfed in dark miasma.
Ijyb looks even sicker.
Ijyb zaps a wand.
The bolt of dispelling energy hits you!
You die...

......... ........
....... ### #...#
##.######...#######
#.................#
#.................#
#..........$..@g.(#
#.................+
#.................#
#########'###+##...##
...............###+#
...............#
...............#
..........######
.........##∩8.


You could see Ijyb (very poisoned).

Vanquished Creatures
  A water moccasin (D:5)
  An adder (D:3)
  A worm (D:2)
  A dart slug (D:2)
  4 orcs (D:2)
  5 ball pythons
  4 endoplasms
  2 giant cockroaches
  3 goblins
  8 hobgoblins
  3 jackals (D:2)
  2 quokkas (D:1)
  A bat (D:2)
  5 frilled lizards
  5 kobolds
  7 rats
53 creatures vanquished.

Notes
Turn   | Place    | Note
-------+----------+-------------------------------------------
     0 | D:1      | porpoise the Demonspawn Gladiator began the quest for the
                  | Orb.
     0 | D:1      | Reached XP level 1. HP: 16/16 MP: 1/1
   340 | D:1      | Reached skill level 3 in Polearms
   368 | D:1      | Gained mutation: You have a small tail. [demonic ancestry]
   368 | D:1      | Reached XP level 2. HP: 22/22 MP: 2/2
   890 | D:1      | Found a faded altar of an unknown god.
   947 | D:2      | Gained mutation: You may rarely emit foul miasma when
                  | damaged in melee. [demonic ancestry]
   947 | D:2      | Reached XP level 3. HP: 28/28 MP: 3/3
  1354 | D:2      | Identified the ring "Kakotuid" {Drain rElec Will+ Int+6
                  | SInv}
  1415 | D:2      | Found a stormy altar of Qazlal.
  2369 | D:3      | Reached skill level 4 in Polearms
  2369 | D:3      | Reached XP level 4. HP: 34/34 MP: 4/4
  2428 | D:3      | You fall into a shaft and drop 2 floors!
  2428 | D:5      | Entered Level 5 of the Dungeon
  2459 | D:4      | Noticed a scorpion
  2520 | D:5      | Found a runed translucent gate.
  2521 | D:5      | Found a runed translucent gate.
  2521 | D:5      | Found an opulent altar of Gozag.
  2523 | D:5      | Found a runed translucent gate.
  2531 | D:5      | Noticed an ogre
  2531 | D:5      | Noticed lunkers's ghost (novice DgWn)
  2560 | D:5      | Noticed a water moccasin
  2564 | D:5      | Killed a water moccasin
  2565 | D:5      | Gained mutation: You are partially covered in icy blue
                  | scales. (AC +2) [demonic ancestry]
  2565 | D:5      | Reached XP level 5. HP: 34/41 MP: 5/5
  2632 | D:5      | Noticed Ijyb
  2654 | D:5      | Gained mutation: You have sharp toenails. [potion of
                  | mutation]
  2654 | D:5      | Lost mutation: You have sharp toenails. [potion of
                  | mutation]
  2659 | D:5      | HP: 2/41 [Ijyb/bolt of dispelling energy (8)]
  2660 | D:5      | Killed from afar by Ijyb

Illustrated notes

Levels and vault maps discovered:
D:1:      dpeg_arrival_pits, layout_basic, shapermc_ecumenical_altar_notcrosses
D:2:      layout_basic, basic_altar, minmay_misc_feat_roman
D:3:      layout_basic, nicolae_overflow_ecumenical_swirl,
          kennysheep_pointless_box, hex_large, minmay_misc_feat_chi,
          eino_tiny_chamber, uniq_terence
D:4:      layout_basic, mainiacjoe_overflow_surrounded_room,
          lemuel_coloured_pillars_altar, kennysheep_donut, st_stairs_5
D:5:      minmay_diamond_boxcup, layout_gridville, ebering_ghost_gozag,
          uniq_ijyb

Skill      XL: |  1  2  3  4 |
---------------+-------------+-----
Polearms       | 3 4 |  4.8
Fighting       | 3 |  3.5
Throwing       | |  1.7
Dodging        | |  2.6

Action                   |  1- 3 |  4- 6 || total
-------------------------+-------+-------++-------
Melee: Trident           |   132 |    23 ||   155
       Tailslap          |     6 |     5 ||    11
       Punch             |     2 |       ||     2
 Fire: Sling             |     7 |       ||     7
Throw: Throwing net      |       |     3 ||     3
  Use: Potion            |       |     5 ||     5
 Stab: Sleeping          |     1 |       ||     1
       Held in net/web   |       |     3 ||     3
Armor: Leather armour    |     6 |       ||     6
       Ring mail         |    19 |     7 ||    26
Dodge: Dodged            |    43 |     4 ||    47

Table legend: (Time is in decaauts)
 A = Elapsed time spent in this place.
 B = Non-inter-level travel time spent in this place.
 C = Inter-level travel time spent in this place.
 D = Time resting spent in this place.
 E = Time spent auto-exploring this place.
 F = Levels seen in this place.
 G = Mean time per level.
                   A        B        C        D        E       F      G
               +--------+--------+--------+--------+--------+-----+--------+
         Total |   2677 |   2605 |     72 |    542 |   1547 |   5 |  535.4 |
       Dungeon |   2677 |   2605 |     72 |    542 |   1547 |   5 |  535.4 |
               +--------+--------+--------+--------+--------+-----+--------+

Top non-repeatable levels by time:
     D:2: 1355 daAuts
     D:1: 951 daAuts
     D:5: 231 daAuts
     D:3: 137 daAuts
     D:4: 1 daAuts
